 Dungeon Crawl Stone Soup version 0.24-a0-525-g9231cdcba1 (webtiles) character file.

Game seed: 10242847983225730987

12129 BinkBink the Basher (level 11, -14/103 HPs)
             Began as a Deep Dwarf Berserker on Aug 3, 2019.
             Was an Elder of Trog.
             Demolished by a very large slime creature (48 damage)
             ... on level 12 of the Dungeon.
             The game lasted 00:23:04 (9016 turns).

BinkBink the Basher (Deep Dwarf Berserker)          Turns: 9016, Time: 00:23:04

Health: -14/103    AC: 22    Str: 29    XL:     11   Next: 58%
Magic:  8/8        EV: 12    Int:  9    God:    Trog [****..]
Gold:   593        SH:  0    Dex: 12    Spells: 10/10 levels left

rFire    + . .     SeeInvis .   p - +2 flail (protect)
rCold    + + .     Gourm    .   (no shield)
rNeg     . . .     Faith    +   L - +0 chain mail
rPois    +         Spirit   .   (no helmet)
rElec    +         Reflect  .   S - scarf {rC+ rF+}
rCorr    .         Harm     .   l - +1 pair of gloves
MR       +++..                  t - +0 pair of boots
Stlth    ..........             G - amulet of the Oligarchy {Faith rElec Str+6}
HPRegen  1.00/turn              R - ring of protection from cold
MPRegen  0.11/turn              B - ring of poison resistance

@: protection aura, non-regenerating
A: damage resistance, heal wounds, sense surroundings 2, no regeneration
a: Heal Wounds, Berserk, Trog's Hand, Brothers in Arms, Renounce Religion


You were on level 12 of the Dungeon.
You worshipped Trog.
Trog was greatly pleased with you.
You were very hungry.

You visited 1 branch of the dungeon, and saw 12 of its levels.
You also visited: Sewer.

You collected 780 gold pieces.
You spent 187 gold pieces at shops.

Inventory:

Hand Weapons
 p - a +2 flail of protection (weapon)
Armour
 l - a +1 pair of gloves (worn)
 t - a +0 pair of boots (worn)
 L - a +0 chain mail (worn)
 S - a scarf of resistance (worn)
Jewellery
 u - a +3 amulet of reflection {unknown}
 x - an uncursed amulet of faith
 B - a ring of poison resistance (right hand)
 G - the amulet of the Oligarchy (around neck) {Faith rElec Str+6}
   (You found it on level 6 of the Dungeon)

   [amulet of faith]

   It allows you to gain divine favour quickly.
   It affects your strength (+6).
   It insulates you from electricity.
 R - a ring of protection from cold (left hand)
Wands
 o - a wand of disintegration (11)
 A - a wand of flame (32)
 H - a wand of enslavement (17)
 K - a wand of random effects (12)
 P - a wand of iceblast (7)
Scrolls
 b - 4 scrolls of remove curse
 e - 3 scrolls of magic mapping
 f - a scroll of fear {unknown}
 g - 5 scrolls of fog
 m - 7 scrolls of teleportation
 q - 3 scrolls of enchant armour
 r - 2 scrolls of blinking
 s - a scroll of noise
 y - 2 scrolls of brand weapon
 C - a scroll of enchant weapon
 D - 3 scrolls of summoning
 E - 3 scrolls of amnesia
 I - a scroll of immolation {unknown}
 M - a scroll of torment
 N - a scroll of silence
 T - a scroll of identify
Potions
 a - 2 potions of might {unknown}
 d - a potion of lignification {unknown}
 h - a potion of cancellation {unknown}
 i - 6 potions of curing {unknown}
 j - 4 potions of mutation {unknown}
 k - 4 potions of heal wounds {unknown}
 n - 2 potions of invisibility
 v - 2 potions of magic {unknown}
 w - a potion of degeneration {unknown}
 z - 2 potions of agility {unknown}
 F - a potion of haste {unknown}
 J - a potion of resistance {unknown}
 O - a potion of brilliance {unknown}
 Q - a potion of ambrosia {unknown}
Comestibles
 c - 17 rations


   Skills:
 + Level 8.1 Fighting
 + Level 13.3 Maces & Flails
 + Level 9.0 Armour
 + Level 6.7 Dodging
 + Level 2.7 Stealth


You had 10 spell levels left.
You didn't know any spells.
Your spell library contained the following spells:

 Spells                   Type           Power        Failure   Level  Hunger
 Animate Skeleton         Necr           N/A          86%         1    ##.....
 Apportation              Tloc           #.....       86%         1    ##.....
 Confusing Touch          Hex            #.....       86%         1    ##.....
 Flame Tongue             Conj/Fire      #....        86%         1    ##.....
 Infusion                 Chrm           #...         86%         1    ##.....
 Summon Small Mammal      Summ           #...         86%         1    ##.....
 Shroud of Golubria       Chrm/Tloc      #.....       95%         2    ###....
 Song of Slaying          Chrm           #.......     95%         2    ###....
 Throw Flame              Conj/Fire      #.....       95%         2    ###....
 Conjure Flame            Conj/Fire      #.......     99%         3    ####...
 Inner Flame              Hex/Fire       #.......     99%         3    ####...
 Spectral Weapon          Hex/Chrm       #.......     99%         3    ####...
 Cause Fear               Hex            #.........   100%        4    #####..
 Sticky Flame             Conj/Fire      #.......     100%        4    #####..
 Fireball                 Conj/Fire      #.........   100%        5    ######.
 Silence                  Hex/Air        #.........   100%        5    ######.
 Yara's Violent Unravell  Hex/Tmut       #.........   100%        5    ######.
 Deflect Missiles         Chrm/Air       #.........   100%        6    #######
 Discord                  Hex            #.........   100%        8    #######
 Regeneration             Chrm/Necr      Unusable     N/A         3    N/A

Dungeon Overview and Level Annotations

Branches:
Dungeon (12/15)            Temple (0/1) D:7            Lair (0/6) D:9
    Orc (0/2) D:12

Altars:
Ashenzari
Cheibriados
Dithmenos
Qazlal
Sif Muna
Zin
The Shining One

Shops:
D:4 %   D:5 ?   D:6 [


Innate Abilities, Weirdness & Mutations

You are resistant to damage.
You can heal yourself by infusing magical energy.
You passively map the area around you.
You do not regenerate.


Message History

The iguana hisses menacingly.
You barely miss the very large slime creature.
The very large slime creature is moderately wounded.
You sock the very large slime creature!
The very large slime creature is moderately wounded.
You hit the very large slime creature but do no damage.
The very large slime creature is moderately wounded.
The very large slime creature hits you!
You hit the very large slime creature.
The very large slime creature is moderately wounded.
The very large slime creature hits you.
You sock the very large slime creature!
The very large slime creature is heavily wounded.
The very large slime creature hits you but does no damage.
You sock the very large slime creature!
The very large slime creature is heavily wounded.
You hit the very large slime creature.
The very large slime creature is heavily wounded.
The very large slime creature hits you!!!
You die...

.............###### ##
....#####.........# * .# ...
#.........### ######.### ..
..#.........'.###........## .
,,**#.'.........#.)##..........
,* ###..J.....<##)†.........#,
#.......l.#####........# ,
########J## #####.#### , ,
###@# #...# * , * #...# #.###
##.### #)# , , #..# #)# * * ,,
, ####'#### ###)####... , ,,
#.......# ####..).....# ,
#.......###..'......###, ,
**#.......'...##.....## *
+.......######.....# , ,


You could see a very large slime creature and an iguana.

Vanquished Creatures
  Harold (D:11)
  2 two-headed ogres
  Joseph (D:10)
  Maurice (D:10)
  A slime creature (D:12)
  A hippogriff (D:11)
  A wraith (D:12)
  A shadow (D:12)
  6 yaks (D:9)
  A basilisk (D:9)
  2 hungry ghosts
  4 porcupines (D:9)
  A water moccasin (D:8)
  5 sky beasts
  An ice beast (D:6)
  3 orc warriors (D:9)
  3 eyes of draining
  2 phantoms
  9 ogres
  2 crocodiles
  2 centaurs
  9 bullfrogs
  4 scorpions
  A water moccasin skeleton (D:10)
  9 killer bees
  7 wights
  2 howler monkeys
  6 crimson imps
  2 centaur zombies
  4 bullfrog zombies
  A quasit (D:10)
  A bullfrog skeleton (D:5)
  5 centaur skeletons
  A gnoll shaman (D:9)
  5 jellies
  10 orc priests
  8 hounds
  6 iguanas
  Ijyb (D:3)
  Natasha (thrice) (D:2)
  13 worker ants
  6 orc wizards
  Terence (D:2)
  2 killer bee zombies
  Robin (D:2)
  7 gnolls
  A howler monkey skeleton (D:4)
  17 adders
  A shadow imp (D:11)
  14 oozes
  2 adder zombies
  4 worms
  2 dart slugs (D:1)
  21 leopard geckos
  48 orcs
  7 bats
  14 giant cockroaches
  15 goblins
  12 hobgoblins
  17 jackals
  12 kobolds
  3 quokkas
  11 ball pythons
  16 frilled lizards
  A jackal skeleton (D:5)
  8 rats
  A plant (D:2)
392 creatures vanquished.

Notes
Turn   | Place    | Note
-------+----------+-------------------------------------------
     0 | D:1      | BinkBink the Deep Dwarf Berserker began the quest for the
                  | Orb.
     0 | D:1      | Reached XP level 1. HP: 20/20 MP: 1/1
   194 | D:1      | Reached XP level 2. HP: 16/27 MP: 2/2
   756 | D:2      | Noticed Natasha
   774 | D:2      | Killed Natasha
   774 | D:2      | Reached XP level 3. HP: 12/34 MP: 3/3
   795 | D:2      | Noticed Natasha
   803 | D:2      | Killed Natasha
   803 | D:2      | Reached skill level 4 in Maces & Flails
   803 | D:2      | Reached skill level 1 in Stealth
   803 | D:2      | Reached XP level 4. HP: 28/42 MP: 3/3
   915 | D:2      | Noticed Terence
   925 | D:2      | Killed Terence
   925 | D:2      | Reached ** piety under Trog
  1094 | D:2      | Noticed Robin
  1125 | D:2      | Reached XP level 5. HP: 28/49 MP: 4/4
  1138 | D:2      | Killed Robin
  1236 | D:2      | Noticed Natasha
  1247 | D:2      | Killed Natasha
  1449 | D:2      | Found a faded altar of an unknown god.
  1529 | D:3      | Reached skill level 5 in Maces & Flails
  1564 | D:3      | Noticed Ijyb
  1596 | D:3      | Killed Ijyb
  1608 | D:3      | Reached XP level 6. HP: 29/56 MP: 5/5
  1881 | D:3      | Reached *** piety under Trog
  2132 | D:4      | Found Ypluded's Food Boutique.
  2175 | D:4      | Reached skill level 6 in Maces & Flails
  2239 | D:4      | Reached XP level 7. HP: 39/63 MP: 6/6
  2345 | D:4      | Reached skill level 7 in Maces & Flails
  2704 | D:5      | Entered Level 5 of the Dungeon
  2749 | D:5      | Reached XP level 8. HP: 58/72 MP: 7/7
  2758 | D:5      | Reached skill level 8 in Maces & Flails
  2953 | D:5      | Found a glowing drain.
  2964 | Sewer    | Entered a sewer
  2966 | Sewer    | Reached **** piety under Trog
  3185 | Sewer    | Reached skill level 9 in Maces & Flails
  3283 | Sewer    | Reached ***** piety under Trog
  3324 | Sewer    | Reached skill level 5 in Fighting
  3445 | D:5      | Found Vigum's Magic Scroll Shop.
  3642 | D:5      | Bought a scroll of enchant armour for 112 gold pieces
  3642 | D:5      | Bought a scroll of fog for 30 gold pieces
  3642 | D:5      | Bought a scroll of teleportation for 45 gold pieces
  3657 | D:5      | Gained mutation: You passively map the area around you.
                  | [Deep Dwarf growth]
  3657 | D:5      | Reached XP level 9. HP: 81/81 MP: 8/8
  4078 | D:6      | Found a glowing silver altar of Zin.
  4080 | D:6      | Found a stormy altar of Qazlal.
  4154 | D:6      | Found Coeranto's Armour Emporium.
  4176 | D:6      | Found a snail-covered altar of Cheibriados.
  4176 | D:6      | Found a deep blue altar of Sif Muna.
  4184 | D:6      | Found a glowing golden altar of the Shining One.
  4184 | D:6      | Found a shattered altar of Ashenzari.
  4219 | D:6      | Reached skill level 5 in Armour
  4219 | D:6      | Reached skill level 5 in Dodging
  4250 | D:6      | Reached skill level 10 in Maces & Flails
  4265 | D:6      | Got a sparkling lead amulet
  4698 | D:7      | Found a staircase to the Ecumenical Temple.
  5213 | D:7      | Found a shadowy altar of Dithmenos.
  5719 | D:8      | Noticed a two-headed ogre
  5741 | D:8      | Killed a two-headed ogre
  5741 | D:8      | Reached skill level 11 in Maces & Flails
  5741 | D:8      | Reached XP level 10. HP: 91/91 MP: 9/9
  6340 | D:9      | Identified the amulet of the Oligarchy {Faith rElec Str+6}
                  | (You found it on level 6 of the Dungeon)
  6705 | D:9      | Found a staircase to the Lair.
  6785 | D:9      | Reached skill level 12 in Maces & Flails
  6951 | D:9      | Noticed a two-headed ogre
  6960 | D:9      | Killed a two-headed ogre
  7113 | D:10     | Entered Level 10 of the Dungeon
  7130 | D:10     | Noticed Maurice
  7138 | D:10     | Reached XP level 11. HP: 88/100 MP: 8/8
  7257 | D:10     | Killed Maurice
  7638 | D:10     | Noticed Joseph
  7653 | D:10     | Killed Joseph
  8157 | D:11     | Reached skill level 13 in Maces & Flails
  8294 | D:11     | Noticed Harold
  8321 | D:11     | Killed Harold
  8823 | D:12     | Found a staircase to the Orcish Mines.
  9016 | D:12     | Demolished by a very large slime creature

Levels and vault maps discovered:
D:1:      saegor_arrival_miasma, layout_loops_ring
D:2:      layout_loops_ring, chequers_ecumenical_altar_lobes, uniq_natasha,
          uniq_robin, uniq_terence
D:3:      layout_rooms, first_ration, uniq_ijyb
D:4:      layout_rooms, serial_shops, shop
D:5:      minmay_chambers_of_threes, layout_cave_pools, gup_sewer_entry_pipe,
          serial_shops, shop, grunt_ministairs_4
D:6:      layout_gridville, grunt_temple_overflow_open,
          chequers_temple_overflow_statue_of_worship, serial_shops,
          nicolae_shop_trees
D:7:      layout_gridville, minmay_temple_entry_sparse_star, minivault_23,
          nicolae_dithmenos_the_darkroom
D:8:      layout_cave_pools
D:9:      layout_loops_corners, minmay_lair_entry_grove, grunt_pizzeria
D:10:     layout_loops_ring, minmay_misc_feat_ornament, serial_bayou_pond_a,
          eino_tiny_chamber, uniq_maurice, uniq_joseph
D:11:     layout_loops_ring, uniq_harold
D:12:     layout_roguey, orc_david_3, gammafunk_ghost_berserking_beasts

Skill      XL: |  1  2  3  4  5  6  7  8  9 10 11 |
---------------+----------------------------------+-----
Fighting       | 3 4 5 6 7 8 |  8.1
Maces & Flails | 4 5 6 7 9 11 12 13 | 13.3
Stealth        | 1 2 |  2.7
Armour         | 3 4 6 7 9 |  9.0
Dodging        | 3 4 5 6 |  6.7

Action                   |  1- 3 |  4- 6 |  7- 9 | 10-12 || total
-------------------------+-------+-------+-------+-------++-------
Melee: Mace              |   109 |   126 |       |       ||   235
       Flail             |       |   124 |   694 |   621 ||  1439
Invok: Trog's Hand       |       |     7 |    11 |    14 ||    32
 Abil: Heal Wounds       |     2 |     1 |     4 |     3 ||    10
  Use: Scroll            |     2 |       |     4 |     5 ||    11
 Stab: Sleeping          |     2 |       |     1 |       ||     3
  Eat: Chunk             |       |     7 |    12 |    15 ||    34
       Ration            |       |       |     2 |     2 ||     4
Armor: Ring mail         |    13 |    94 |   307 |       ||   414
       Scale mail        |     5 |       |       |       ||     5
       Chain mail        |       |       |    54 |   268 ||   322
Dodge: Dodged            |    37 |   170 |   572 |   303 ||  1082

Table legend:
 A = Non-vault XP
 B = Vault XP
 C = Vault XP percentage of total XP
 D = Non-vault monster count
 E = Vault monster count
 F = Vault count percentage of total count
                 A         B        C        D         E       F
            +---------+---------+-------+---------+---------+-------
      Total |   12287 |    5041 |  29.1 |     285 |     106 |  27.1
            +---------+---------+-------+---------+---------+-------
        D:1 |      32 |       0 |   0.0 |      18 |       0 |   0.0
        D:2 |     120 |     105 |  46.7 |      20 |      15 |  42.9
        D:3 |     182 |      36 |  16.5 |      40 |       1 |   2.4
        D:4 |     712 |       0 |   0.0 |      23 |       0 |   0.0
        D:5 |     888 |     439 |  33.1 |      27 |      13 |  32.5
        D:6 |     993 |       0 |   0.0 |      18 |       0 |   0.0
        D:7 |     473 |       0 |   0.0 |      10 |       0 |   0.0
        D:8 |    1739 |       0 |   0.0 |      22 |       0 |   0.0
        D:9 |    2608 |    2210 |  45.9 |      37 |      13 |  26.0
       D:10 |    1678 |     905 |  35.0 |      32 |       2 |   5.9
       D:11 |    1685 |    1028 |  37.9 |      20 |       1 |   4.8
       D:12 |    1177 |      12 |   1.0 |      18 |       4 |  18.2
      Sewer |       0 |     306 | 100.0 |       0 |      57 | 100.0
            +---------+---------+-------+---------+---------+-------
